 Dungeon Crawl Stone Soup version 0.26-b1-32-g5d43845318 (webtiles) character file.

Game seed: 17309536092124125563

1150 Arthanis the Arsonist (level 8, -7/41 HPs)
             Began as a Deep Elf Fire Elementalist on Jan 12, 2021.
             Mangled by an orc warrior
             ... wielding a +0 halberd
              (19 damage)
             ... on level 6 of the Dungeon.
             The game lasted 00:07:41 (6303 turns).

Arthanis the Arsonist (Deep Elf Fire Elementalist)  Turns: 6303, Time: 00:07:42

Health: -7/41      AC:  3    Str:  5    XL:     8   Next: 15%
Magic:  14/20      EV: 13    Int: 23    God:
Gold:   271        SH:  0    Dex: 15    Spells: 7/20 levels left

rFire    + . .     SeeInvis .   s - +0 hand axe (venom)
rCold    + . .     Faith    .   (no shield)
rNeg     . . .     Spirit   .   a - +0 robe
rPois    .         Reflect  .   (no helmet)
rElec    .         Harm     .   (no cloak)
rCorr    .         Rampage  .   (no gloves)
Will     .....                  m - +0 pair of boots
Stlth    ++........             (no amulet)
HPRegen  0.13/turn              r - ring of protection from fire
MPRegen  0.17/turn              u - ring of protection from cold

@: no status effects
A: no striking features
a: no special abilities


You were on level 6 of the Dungeon.
You visited 2 branches of the dungeon, and saw 7 of its levels.

You collected 338 gold pieces.
You spent 67 gold pieces at shops.

Inventory:

Hand Weapons
 n - a +0 dagger
 s - a +0 hand axe of venom (weapon)
 t - the +6 mace "Wepag" {vorpal, Dex+3}
   (You found it on level 4 of the Dungeon)

   It inflicts extra damage upon your enemies.
   It affects your dexterity (+3).
Armour
 a - a +0 robe (worn)
 m - a +0 pair of boots (worn)
Jewellery
 r - a ring of protection from fire (left hand)
 u - a ring of protection from cold (right hand)
Wands
 p - a wand of acid (12)
 q - a wand of enslavement (7)
 w - a wand of paralysis (9)
 y - a wand of flame (26)
Scrolls
 b - 7 scrolls of remove curse
 e - a scroll of enchant weapon {unknown}
 f - a scroll of fear {unknown}
 g - 5 scrolls of identify {unknown}
 l - a scroll of enchant armour {unknown}
 v - 4 scrolls of fog {unknown}
 z - a scroll of immolation {unknown}
Potions
 c - a potion of lignification {unknown}
 d - 3 potions of magic
 h - a potion of brilliance
 i - a potion of flight {unknown}
 j - a potion of heal wounds {unknown}
 k - a potion of curing
 o - 2 potions of haste {unknown}
 x - a potion of might {unknown}


   Skills:
 - Level 2.4 Dodging
 - Level 2.4 Stealth
 + Level 6.9 Spellcasting
 + Level 5.2 Conjurations
 * Level 8.3 Fire Magic


You had 7 spell levels left.
You knew the following spells:

 Your Spells              Type           Power        Failure   Level
a - Foxfire               Conj/Fire      100%         1%          1
b - Conjure Flame         Conj/Fire      39%          1%          3
c - Sticky Flame          Conj/Fire      39%          4%          4
d - Fireball              Conj/Fire      19%          13%         5

Your spell library contained the following spells:

 Spells                   Type           Power        Failure   Level
 Inner Flame              Hex/Fire       27%          4%          3


Dungeon Overview and Level Annotations

Branches:
Dungeon (6/15)             Temple (1/1) D:6

Altars:
Ashenzari
Cheibriados
Fedhas
Gozag
Makhleb
Nemelex Xobeh
Qazlal
Sif Muna
Uskayaw
Xom
The Shining One
Beogh

Shops:
D:5 =

Portals:
Abyss: D:5

Annotations:
D:4 3 runed translucent doors, MIKEmikeMIKE's ghost, amateur OgBe
D:5 2 transporters, qborf's ghost, novice PaGl


Message History

Casting: Foxfire (safe; 1% risk of failure)
Confirm with . or Enter, or press ? or * to list all spells.
You conjure some foxfire!
The foxfire hits the orc warrior.
The orc warrior resists.
The orc warrior is moderately wounded.
Casting: Foxfire (safe; 1% risk of failure)
Confirm with . or Enter, or press ? or * to list all spells.
You conjure some foxfire!
The foxfire hits the orc warrior.
The orc warrior resists.
The orc warrior is moderately wounded.
The foxfire hits the orc warrior.
The orc warrior resists.
The orc warrior is moderately wounded.
The orc warrior is engulfed in blazing flames.
The orc warrior hits you from afar with a +0 halberd!
* * * LOW HITPOINT WARNING * * *
The foxfire hits the orc warrior but does no damage.
The orc warrior is severely wounded.
The orc warrior is engulfed in blazing flames.
The orc warrior hits you from afar with a +0 halberd!!
You die...

#.....#.....#.#
#########.##.####.##.#
#........(............
#.....................
#.....................
#.....................
#...######+#.......###
#...#..o[..>.......'..
#...#@.####........#>#
#...#..#..............
#...#..#.###.......###
#.###..#.#............
##.'_#..#.#............
#..###..#ยง#............
#....#..#v#............
#....#..#.#............
###.......#.#.........#..


You could see an orc warrior.

Vanquished Creatures
  Edmund (D:6)
  A centaur (D:5)
  An ogre (D:6)
  Blork the orc (D:6)
  2 bullfrogs (D:6)
  2 scorpions (D:5)
  A hound (D:6)
  3 orc wizards
  3 orc priests
  2 bullfrog skeletons
  4 worker ants
  A killer bee zombie (D:5)
  A hound skeleton (D:4)
  7 adders
  2 oozes
  An ufetubus (D:6)
  An adder zombie (D:6)
  An adder skeleton (D:4)
  3 dart slugs
  5 leopard geckos
  16 orcs
  A giant cockroach (D:1)
  15 goblins
  10 hobgoblins
  8 kobolds
  5 quokkas
  3 bats
  4 frilled lizards
  A jackal skeleton (D:5)
  A leopard gecko skeleton (D:4)
  10 rats
117 creatures vanquished.

Vanquished Creatures (collateral kills)
  A foxfire (D:1)
1 creature vanquished.

Vanquished Creatures (others)
  624 foxfires
  3 plants (D:1)
627 creatures vanquished.

Grand Total: 745 creatures vanquished

Notes
Turn   | Place    | Note
-------+----------+-------------------------------------------
     0 | D:1      | Arthanis the Deep Elf Fire Elementalist began the quest for
                  | the Orb.
     0 | D:1      | Reached XP level 1. HP: 10/10 MP: 6/6
   240 | D:1      | Reached XP level 2. HP: 15/15 MP: 2/8
   647 | D:1      | Reached skill level 4 in Fire Magic
  1106 | D:1      | Reached XP level 3. HP: 19/19 MP: 5/10
  1110 | D:1      | Learned a level 3 spell: Conjure Flame
  2025 | D:2      | Reached XP level 4. HP: 20/24 MP: 5/11
  2030 | D:2      | Learned a level 4 spell: Sticky Flame
  2155 | D:2      | Found a faded altar of an unknown god.
  3229 | D:4      | Reached skill level 5 in Fire Magic
  3256 | D:4      | Reached XP level 5. HP: 28/28 MP: 5/13
  3424 | D:4      | Found a runed translucent gate.
  3424 | D:4      | Found a runed translucent gate.
  3424 | D:4      | Noticed MIKEmikeMIKE's ghost (amateur OgBe)
  3451 | D:4      | Found a runed translucent gate.
  3457 | D:4      | Found a roughly hewn altar of Beogh.
  3771 | D:4      | Got a transparent mace
  3772 | D:4      | Identified the +6 mace "Wepag" {vorpal, Dex+3} (You found
                  | it on level 4 of the Dungeon)
  4241 | D:5      | Entered Level 5 of the Dungeon
  4347 | D:5      | Learned a level 5 spell: Fireball
  4354 | D:5      | Found a transporter.
  4366 | D:5      | Found a one-way gate to the infinite horrors of the Abyss.
  4366 | D:5      | Noticed qborf's ghost (novice PaGl)
  4403 | D:5      | Reached XP level 6. HP: 32/32 MP: 9/15
  4451 | D:5      | Noticed an ancient zyme
  4462 | D:5      | Found a transporter.
  4463 | D:5      | Identified the +7 halberd of Ladd {distort, +Rage Str+8
                  | Int-4 Stlth+}
  4464 | D:5      | Noticed a small abomination
  4508 | D:5      | Reached skill level 5 in Spellcasting
  4508 | D:5      | Reached skill level 6 in Fire Magic
  4545 | D:5      | Found Tanoc Doa's Jewellery Shoppe.
  4715 | D:5      | Bought a cursed ring of attention for 67 gold pieces
  5162 | D:5      | Reached XP level 7. HP: 36/36 MP: 11/17
  5379 | D:5      | Found a sparkling altar of Nemelex Xobeh.
  5442 | D:6      | Reached skill level 7 in Fire Magic
  5600 | D:6      | Noticed Edmund
  5625 | D:6      | Killed Edmund
  5801 | D:6      | Found a stormy altar of Qazlal.
  5827 | D:6      | Found a staircase to the Ecumenical Temple.
  5914 | Temple   | Entered the Ecumenical Temple
  6089 | D:6      | Noticed Blork the orc
  6102 | D:6      | Killed Blork the orc
  6103 | D:6      | Reached skill level 5 in Conjurations
  6103 | D:6      | Reached skill level 8 in Fire Magic
  6103 | D:6      | Reached XP level 8. HP: 40/41 MP: 12/20
  6303 | D:6      | Mangled by an orc warrior

Illustrated notes

Levels and vault maps discovered:
D:1:      minmay_arrival_radiant_lines, layout_basic, minmay_hedge_maze,
          lexackson_kobold_supper
D:2:      layout_basic, chequers_ecumenical_altar_twisty
D:3:      layout_basic
D:4:      layout_cave_pools, biasface_ghost_orc_armoury, nrook_mini_vaults,
          grunt_ministairs_6, minmay_quantized
D:5:      layout_rooms, nemelex_xobeh_ov_fountains_minmay, serial_shops, shop,
          gammafunk_ghost_abyssal_escape
D:6:      layout_basic, lemuel_coloured_pillars_altar, kennysheep_mini,
          minmay_temple_entry_tees, minmay_increasing_density,
          uniq_blork_the_orc, uniq_edmund
Temple:   jpeg_temple_island

Skill      XL: |  1  2  3  4  5  6  7 |
---------------+----------------------+-----
Fire Magic     | 4 5 6 8 |  8.3
Conjurations   | 2 3 4 5 |  5.2
Spellcasting   | 4 5 6 |  6.9
Dodging        | |  2.4
Stealth        | |  2.4

Action                   |  1- 3 |  4- 6 |  7- 9 || total
-------------------------+-------+-------+-------++-------
Melee: Unarmed           |     6 |       |       ||     6
       Dagger            |       |     4 |       ||     4
       Hand axe          |       |       |     1 ||     1
 Cast: Foxfire           |   111 |   193 |    93 ||   397
       Conjure Flame     |       |       |     2 ||     2
       Sticky Flame      |       |       |     1 ||     1
  Use: Scroll            |       |     1 |       ||     1
       Potion            |       |     4 |       ||     4
Armor: Robe              |     3 |     6 |       ||     9
Dodge: Dodged            |    13 |    34 |     3 ||    50
